 Dungeon Crawl Stone Soup version 0.26.1-11-gd32895ea62 (webtiles) character file.

Game seed: 8711289642935464661

9808 Almogavar the Destroyer (level 11, 0/82 HPs)
             Began as a Pale Draconian Conjurer on June 7, 2021.
             Was a Priest of Nemelex Xobeh.
             Slain by Donald
             ... wielding a +0 eveningstar
              (31 damage)
             ... on level 2 of the Orcish Mines on June 8, 2021.
             The game lasted 00:59:21 (16443 turns).

Almogavar the Destroyer (Pale Draconian Conjurer)  Turns: 16443, Time: 00:59:21

Health: 0/82       AC:  8    Str:  9    XL:     11   Next: 27%
Magic:  0/33       EV: 14    Int: 23    God:    Nemelex Xobeh [***...]
Gold:   1376       SH:  0    Dex:  9    Spells: 20/29 levels left

rFire    . . .     SeeInvis .   d - +1 whip (elec)
rCold    . . .     Faith    .   (no shield)
rNeg     . . .     Spirit   .   (armour unavailable)
rPois    .         Reflect  .   (helmet restricted)
rElec    .         Harm     .   v - +0 cloak {rCorr}
rCorr    +         Rampage  .   (no gloves)
Will     .....                  (no boots)
Stlth    +++.......             (no amulet)
HPRegen  0.23/turn              D - ring of wizardry
MPRegen  0.23/turn              t - ring of magical power

@: no status effects
A: breathe steam, unfitting armour, cold-blooded, AC +7
a: Breathe Steam, Renounce Religion, Draw Escape, Draw Destruction, Draw
Summoning, Triple Draw


You were on level 2 of the Orcish Mines.
You worshipped Nemelex Xobeh.
Nemelex Xobeh was most pleased with you.
You visited 2 branches of the dungeon, and saw 11 of its levels.
You also visited: Sewer.

You collected 1376 gold pieces.

Inventory:

Hand Weapons
 d - a +1 whip of electrocution (weapon)
 s - a cursed -3 falchion
 N - a +3 dire flail of freezing
Armour
 v - a +0 cloak of preservation (worn)
 L - a +0 buckler
Jewellery
 o - an uncursed ring of positive energy
 r - an uncursed ring of ice
 t - a ring of magical power (right hand)
 x - the ring of Kyddiy {+Fly Dex+4}
   (You found it on level 5 of the Dungeon)

   [ring of flight]

   It affects your dexterity (+4).
   It lets you fly.
 y - an uncursed ring of poison resistance
 D - a ring of wizardry (left hand)
 G - an uncursed ring of protection from cold
Wands
 l - a wand of polymorph (4)
 H - a wand of digging (5)
 J - a wand of disintegration (19)
 M - a wand of paralysis (6)
Scrolls
 e - 3 scrolls of fear
 f - 2 scrolls of enchant weapon
 h - 6 scrolls of remove curse
 j - 2 scrolls of teleportation
 p - a scroll of blinking {unknown}
 q - 5 scrolls of fog
 A - a scroll of immolation {unknown}
 B - 4 scrolls of magic mapping {unknown}
 E - 2 scrolls of enchant armour {unknown}
 F - a scroll of summoning {unknown}
 K - a scroll of silence {unknown}
 O - 2 scrolls of amnesia {unknown}
 P - a scroll of noise {unknown}
Potions
 a - 4 potions of flight
 b - 2 potions of mutation
 c - a potion of berserk rage
 g - 5 potions of brilliance
 i - 11 potions of curing
 k - 2 potions of haste
 m - 4 potions of heal wounds
 n - a potion of magic {unknown}
 u - 2 potions of invisibility {unknown}
 w - 2 potions of resistance {unknown}
 z - a potion of might {unknown}


   Skills:
 + Level 3.1 Fighting
 + Level 2.5 Maces & Flails
 + Level 5.8 Dodging
 + Level 6.1 Stealth
 - Level 0.5 Unarmed Combat
 + Level 9.6 Spellcasting
 + Level 10.6 Conjurations
 + Level 4.8 Translocations


You had 20 spell levels left.
You knew the following spells:

 Your Spells              Type           Power        Failure   Level
a - Magic Dart            Conj           100%         1%          1
b - Searing Ray           Conj           100%         1%          2
c - Iskenderun's Mystic   Conj/Tloc      46%          1%          4
d - Blink                 Tloc           N/A          1%          2

Your spell library contained the following spells:

 Spells                   Type           Power        Failure   Level
 Apportation              Tloc           66%          1%          1
 Conjure Flame            Conj/Fire      35%          1%          3
 Dazzling Flash           Conj/Hex       70%          1%          3
 Mephitic Cloud           Conj/Pois/Air  27%          1%          3
 Animate Skeleton         Necr           22%          2%          1
 Corona                   Hex            12%          2%          1
 Summon Small Mammal      Summ           44%          2%          1
 Fulminant Prism          Conj/Hex       17%          2%          4
 Call Imp                 Summ           11%          3%          2
 Ensorcelled Hibernation  Hex/Ice        22%          3%          2
 Slow                     Hex            11%          3%          2
 Confusing Touch          Hex            11%          8%          3
 Tukima's Dance           Hex            11%          8%          3


Dungeon Overview and Level Annotations

Branches:
Dungeon (9/15)             Temple (0/1) D:7            Lair (0/6) D:8
    Orc (2/2) D:9             Elf (0/3) Orc:2         Sewer (visited)

Altars:
Cheibriados
Fedhas
Gozag
Hepliaklqana
Kikubaaqudgha
Makhleb
Nemelex Xobeh
Okawaru
Qazlal
Sif Muna
Vehumet
Zin
The Shining One

Shops:
Orc:1 :

Annotations:
D:7 2 runed translucent doors, Gerhazo's ghost, novice DrCj
Orc:2 Donald


Innate Abilities, Weirdness & Mutations

You can breathe blasts of scalding, opaque steam.
Your pale cyan-grey scales are hard. (AC +7)
You cannot fit into any form of body armour.
You are cold-blooded and may be slowed by cold attacks.


Message History

You feel much better.
Donald says, "I'm sure I saw a card fall out of that deck."
Donald hits you with a +0 eveningstar.
Casting: Iskenderun's Mystic Blast (mildly dangerous; 1% risk of failure)
Confirm with . or Enter, or press ? or * to list all spells.
You erupt in a blast of force!
The mystic blast hits Donald!
Donald is severely wounded.
Donald is knocked back by the mystic blast.
Casting: Iskenderun's Mystic Blast (mildly dangerous; 1% risk of failure)
Confirm with . or Enter, or press ? or * to list all spells.
Aiming: Searing Ray (safe; 1% risk of failure)
Press: ? - help, Shift-Dir - straight line, f/p - Donald
Aim: Donald, wielding a +0 eveningstar, wearing a +2 plate armour of poison resistance and wearing a +0 kite shield of reflection (severely wounded, fast, strong, 8% to evade)
The searing ray hits Donald!
Donald is almost dead. (Press . to maintain the ray.) Without enough magic to sustain it, your searing ray dissipates.
Donald hits you with a +0 eveningstar!!
You die...
Your body disappears without a glow.

## .##..
....$#
...#.######
#....##.##
...##..@@...#
...)))..##.##
.....))#####
...))..
..)..## ...).
<##. #


You could see Donald (fast, strong).

Vanquished Creatures
  2 two-headed ogres (D:9)
  An orc knight (Orc:1)
  2 orc sorcerers
  An elephant (D:8)
  3 trolls (Orc:1)
  A yak (D:8)
  2 wargs
  A water moccasin (D:8)
  9 orc warriors
  2 ice beasts
  2 black bears (D:8)
  4 necrophages (D:8)
  A sky beast (D:6)
  11 ogres
  2 centaurs
  2 big kobolds (Sewer)
  10 bullfrogs
  A scorpion (D:7)
  A wyvern skeleton (D:7)
  6 killer bees
  8 wights
  4 howler monkeys
  2 centaur zombies (D:8)
  A bullfrog zombie (D:8)
  10 orc wizards
  3 centaur skeletons
  2 bullfrog skeletons
  8 orc priests
  2 hounds
  Crazy Yiuf (D:3)
  3 iguanas
  3 worker ants
  A killer bee zombie (D:9)
  A hound skeleton (D:5)
  A howler monkey zombie (D:9)
  4 gnolls (D:6)
  A howler monkey skeleton (D:6)
  6 adders
  A shadow imp (D:8)
  A white imp (D:6)
  3 ufetubi
  2 oozes (Sewer)
  2 adder skeletons (D:8)
  3 adder zombies
  3 dart slugs
  3 worms
  6 leopard geckos
  35 orcs
  7 bats
  13 giant cockroaches
  8 goblins
  10 hobgoblins
  15 jackals
  7 quokkas
  2 frilled lizards
  19 kobolds
  13 rats
  A bush (D:8)
279 creatures vanquished.

Vanquished Creatures (collateral kills)
  Maurice (Orc:2)
  3 orc wizards (Orc:2)
  An orc (Orc:2)
5 creatures vanquished.

Vanquished Creatures (others)
  A fungus (D:8)
  12 plants
13 creatures vanquished.

Grand Total: 297 creatures vanquished

Notes
Turn   | Place    | Note
-------+----------+-------------------------------------------
     0 | D:1      | Almogavar the Draconian Conjurer began the quest for the
                  | Orb.
     0 | D:1      | Reached XP level 1. HP: 14/14 MP: 3/3
   251 | D:1      | Reached XP level 2. HP: 20/20 MP: 1/5
   294 | D:1      | Learned a level 2 spell: Searing Ray
   877 | D:1      | You fall into a shaft and drop 1 floor!
  1212 | D:1      | Reached XP level 3. HP: 26/26 MP: 1/6
  1793 | D:2      | Found a burning altar of Makhleb.
  2162 | D:2      | Found a glowing golden altar of the Shining One.
  2190 | D:2      | Found a sparkling altar of Nemelex Xobeh.
  2301 | D:2      | Found a hazy altar of Hepliaklqana.
  2432 | D:2      | Found a stormy altar of Qazlal.
  2471 | D:2      | Reached XP level 4. HP: 33/33 MP: 4/7
  2824 | D:2      | Found an iron altar of Okawaru.
  2997 | D:3      | Reached skill level 5 in Conjurations
  3292 | D:3      | You fall into a shaft and drop 2 floors!
  3292 | D:5      | Entered Level 5 of the Dungeon
  3618 | D:4      | Reached XP level 5. HP: 36/38 MP: 0/9
  3630 | D:4      | Found a glowing drain.
  3667 | Sewer    | Entered a sewer
  4135 | Sewer    | Reached XP level 6. HP: 23/45 MP: 2/11
  4442 | D:4      | Reached skill level 6 in Conjurations
  5786 | D:3      | Found an ancient bone altar of Kikubaaqudgha.
  6078 | D:3      | Your scales start taking on a pale cyan-grey colour.
  6078 | D:3      | Reached XP level 7. HP: 50/50 MP: 13/13
  6165 | D:3      | Found a snail-covered altar of Cheibriados.
  6253 | D:3      | Reached skill level 1 in Maces & Flails
  6565 | D:3      | Found a runed translucent door.
  6566 | D:3      | Noticed Crazy Yiuf
  6694 | D:3      | Killed Crazy Yiuf
  7067 | D:5      | Got a wavering glass ring
  7069 | D:5      | Identified the ring of Kyddiy {+Fly Dex+4} (You found it on
                  | level 5 of the Dungeon)
  7449 | D:5      | Learned a level 4 spell: Iskenderun's Mystic Blast
  7660 | D:5      | Found a shimmering blue altar of Sif Muna.
  7984 | D:6      | Reached skill level 5 in Spellcasting
  7984 | D:6      | Reached skill level 1 in Translocations
  8324 | D:6      | Reached XP level 8. HP: 58/58 MP: 15/15
  8768 | D:6      | Found a sparkling altar of Nemelex Xobeh.
  8776 | D:6      | Became a worshipper of Nemelex Xobeh the Trickster
  9009 | D:6      | Reached skill level 1 in Fighting
  9232 | D:6      | Reached skill level 7 in Conjurations
  9504 | D:7      | Learned a level 2 spell: Blink
  9650 | D:7      | Found a staircase to the Ecumenical Temple.
  9803 | D:7      | Found a radiant altar of Vehumet.
  9938 | D:7      | Found a large runed translucent door.
  9939 | D:7      | Found a large runed translucent door.
  9942 | D:7      | Noticed Gerhazo's ghost (novice DrCj)
 10528 | D:7      | Reached skill level 5 in Stealth
 10528 | D:7      | Reached XP level 9. HP: 59/64 MP: 18/18
 10686 | D:8      | Found a radiant altar of Vehumet.
 10726 | D:8      | Reached * piety under Nemelex Xobeh
 10923 | D:8      | Noticed an elephant
 10944 | D:8      | Found a staircase to the Lair.
 11233 | D:8      | Killed an elephant
 11521 | D:8      | Reached skill level 8 in Conjurations
 11602 | D:8      | Received a gift from Nemelex Xobeh
 12350 | D:8      | Found an opulent altar of Gozag.
 12413 | D:8      | Found a glowing silver altar of Zin.
 12458 | D:8      | Found an opulent altar of Gozag.
 12814 | D:8      | Found a blossoming altar of Fedhas.
 12913 | D:8      | Reached XP level 10. HP: 75/75 MP: 2/20
 13104 | D:9      | Received a gift from Nemelex Xobeh
 13147 | D:9      | Reached ** piety under Nemelex Xobeh
 13379 | D:9      | Noticed a two-headed ogre
 13388 | D:9      | Killed a two-headed ogre
 13389 | D:9      | Reached skill level 5 in Dodging
 13587 | D:9      | Reached skill level 9 in Conjurations
 13894 | D:9      | Found a staircase to the Orcish Mines.
 14225 | D:9      | Noticed a two-headed ogre
 14234 | D:9      | Killed a two-headed ogre
 14376 | Orc:1    | Entered Level 1 of the Orcish Mines
 14736 | Orc:1    | Noticed an orc sorcerer
 14748 | Orc:1    | Noticed a sixfirhy
 14865 | Orc:1    | Killed an orc sorcerer
 14866 | Orc:1    | Reached skill level 10 in Conjurations
 15149 | Orc:1    | Found Becuptih's Book Boutique.
 15251 | Orc:1    | Reached *** piety under Nemelex Xobeh
 15300 | Orc:1    | Reached XP level 11. HP: 82/82 MP: 24/24
 15453 | Orc:1    | Noticed an orc knight
 15657 | Orc:1    | HP: 2/82 [orc knight/bolt (12)]
 15660 | Orc:1    | Killed an orc knight
 16114 | Orc:1    | Received a gift from Nemelex Xobeh
 16208 | Orc:2    | Entered Level 2 of the Orcish Mines
 16208 | Orc:2    | Found a staircase to the Elven Halls.
 16212 | Orc:2    | Noticed an orc sorcerer
 16223 | Orc:2    | Noticed a sun demon
 16223 | Orc:2    | Killed an orc sorcerer
 16234 | Orc:2    | Noticed Maurice
 16246 | Orc:2    | Killed Maurice
 16413 | Orc:2    | Noticed Donald
 16443 | Orc:2    | Slain by Donald

Illustrated notes

Levels and vault maps discovered:
D:1:      dpeg_arrival_orchard, layout_loops_ring
D:2:      layout_basic, nicolae_overflow_hidden_temple, lemuel_doored_altar,
          nicolae_overflow_crystal_walls, lemuel_round_altar, marbit_many_paths,
          lemuel_crystal_altar
D:3:      layout_loops_cross, cheibriados_altar_1, kiku_gazebo_garden_becter,
          uniq_crazy_yiuf_cottage
D:4:      layout_layer_cave, portal_sewer_entry_f
D:5:      layout_basic, lemuel_blue_sif_altar
D:6:      layout_basic, nemelex_altar_shiori
D:7:      minmay_general_purpose_star, layout_basic,
          minmay_temple_entry_junction, basic_altar,
          ebering_ghost_disaster_area, grunt_ministairs_10
D:8:      layout_cave_pools, pdpol_temple_overflow_zin_treasury_gozag_greed,
          fedhas_altar_decomposition, vehumet_crystals, david_lair_generic,
          amcnicky_altar_gilded
D:9:      layout_irregular_city, erik_orc_4, serial_column_ruins,
          column_ruins_hut, column_ruins_hut, column_ruins_grid_1,
          column_ruins_open_medium, column_ruins_grid_4
Orc:1:    layout_caves, serial_shops, nicolae_shop_stone
Orc:2:    st_orc_mages, layout_diamond_mine, nicolae_volcano_entry_batcave,
          uniq_maurice, uniq_donald

Skill      XL: |  1  2  3  4  5  6  7  8  9 10 |
---------------+-------------------------------+-----
Dodging        | 2 3 4 5 |  5.8
Stealth        | 2 3 5 6 |  6.1
Conjurations   | 5 6 7 8 10 | 10.6
Spellcasting   | 3 4 5 6 7 9 |  9.6
Maces & Flails | 1 2 |  2.5
Translocations | 1 3 4 |  4.8
Fighting       | 1 2 3 |  3.1
Unarmed Combat | |  0.5

Action                   |  1- 3 |  4- 6 |  7- 9 | 10-12 || total
-------------------------+-------+-------+-------+-------++-------
Melee: Unarmed           |     8 |       |       |       ||     8
       Tailslap          |     3 |     2 |       |     3 ||     8
       Dagger            |    27 |       |       |       ||    27
       Whip              |    12 |    33 |     6 |    17 ||    68
 Cast: Magic Dart        |    60 |    24 |    52 |   110 ||   246
       Searing Ray       |    11 |    34 |    83 |    78 ||   206
       Iskenderun's Myst |       |       |     2 |    19 ||    21
Invok: Draw Escape       |       |       |       |     1 ||     1
       Draw Destruction  |       |       |       |     1 ||     1
       Draw Summoning    |       |       |       |     1 ||     1
 Abil: Breathe Steam     |       |       |     1 |     5 ||     6
  Use: Scroll            |     2 |     6 |     2 |     3 ||    13
       Potion            |       |       |       |     2 ||     2
 Stab: Sleeping          |       |     1 |       |       ||     1
Armor: Skin              |    22 |    11 |    28 |     7 ||    68
Dodge: Dodged            |    42 |    40 |    81 |    42 ||   205
